← All builds
Geo / Armada / Economy first / OBSERVED BUILD

Standard geo

Standard Geo economy-first play: geothermal by 3:26, T2 constructor by 4:55, advanced geothermal and vehicle plant around 7:07, transitioning into Starlight and T1 vehicles for front while supplying allies with cons and Lazarus.

Usually blows up the commander for T2 (66%)

#eco #t2 · 660 distinct matches · 107 players · 58% of Armada Geo games · team won 55% of 745 · Recently observed

HOW TO PLAY IT

Key timing: Geothermal Powerplant by 3:26

  1. Open mex and wind into Bot Lab.
  2. Rush geothermal for the early energy spike.
  3. Add Advanced Metal Extractor, then Advanced Geothermal by 7:07.
  4. Bring up Vehicle Plant alongside T2 con for "Starlight" and vehicles.
  5. Funnel "Starlight" and T1 vehicles to front, pay allies with cons and "Lazarus".

Phase by phase

TYPICAL OF ITS 660 GAMES
  1. 1
  2. 2
  3. 3
  4. 4
PLAY THE OPENING

Follow the example game's first 6:00 step by step: what to build now, what comes next, and where it goes. At 1× it keeps pace with your own game.

  1. 1

    Up to the Bot Lab

    Economy
    • Metal Extractor2Mex
    • Wind Turbine4Wind
    Order
    1. Bot LabBot Lab after 2 mex, 4 winddone ~1:12, middle half 0:58–1:22

    By 0:55 in all: 2 mex · 4 wind

    The example game in this phase · 4 steps
    1. Mex ×3
    2. Wind ×4
    3. Energy storage
    4. Bot LabBot Labdone 1:35 · typical 1:12
  2. 2

    Bot Lab to 5:00

    Economy
    • Metal Extractor2Mex
    • Wind Turbine3Wind
    • Energy Converter8Converter
    • Energy Storage1Energy storage
    Order
    1. Geothermal PowerplantGeo after 4 mex, 5 wind, 1 energy storage
    Builders
    • Construction Turret5 Con turret
    • Lazarus4 Lazarus
    • Construction Bot2 Con bot
    • Construction Bot1 Con bot for allies
    • Lazarus1 Lazarus for allies

    By 5:00 in all: 4 mex · 6 wind · 1 geo · 8 converter · 1 energy storage · 5 con turret

    The example game in this phase · 24 steps
    1. TickTick ×2for Air
    2. LazarusLazarus ×2
    3. Construction BotCon botfor Beach sea
    4. LazarusLazarus
    5. Construction BotCon bot
    6. LazarusLazarusfor Beach sea
    7. Geothermal PowerplantGeodone 3:24 · typical 3:26
    8. Mex
    9. LazarusLazarus
    10. Construction BotCon bot
    11. Con turret
    12. Converter
    13. Con turret
    14. Converter
    15. Con turret
    16. Converter
    17. Con turret
    18. Converter ×6
    19. Con turret
    20. Converter ×3
    21. Energy storage
    22. Advanced Metal ExtractorT2 mexdone 5:13 · typical 5:34
    23. Con turret
    24. Advanced Metal ExtractorT2 mex
  3. 3

    5:00 to Vehicle Plant

    Order
    1. Advanced Geothermal PowerplantAdvanced Geothermal Powerplant after 8 wind, 10 converter, 6 con turretin 61% of games
    2. Vehicle PlantVehicle Plant after 9 wind, 10 converter, 6 con turretdone ~7:07, middle half 6:43–7:41
    Builders
    • Construction Turret1 Con turret

    Some games also: converter (49%) · wind (47%)

    By 7:00 in all: 4 mex · 10 wind · 1 geo · 1 Advanced Geothermal Powerplant · 11 converter · 1 energy storage

    The example game in this phase · 5 steps
    1. Advanced Metal ExtractorT2 mex
    2. PrudePrudedone 6:35
    3. Converter
    4. Advanced Metal ExtractorT2 mex
    5. Vehicle PlantVehicle Plantdone 6:39 · typical 7:07
  4. 4

    Vehicle Plant to 10:00

    Economy
    • Wind Turbine5Wind
    • Energy Converter3Converter
    Order
    1. Advanced Vehicle PlantAdvanced Vehicle Plant after 11 wind, 12 converter, 7 con turretin 80% of games
    Builders
    • Construction Turret1 Con turret
    • Construction Vehicle1 Con vehicle
    Army
    • Starlight2 Starlight
    • Umbra1 Jammer
    • Prophet1 Radar vehicle

    Some games also: T2 con vehicle for allies (48%) · Jaguar (31%)

    By 10:00 in all: 4 mex · 19 wind · 1 geo · 1 Advanced Geothermal Powerplant · 16 converter · 1 energy storage

    The example game in this phase · 237 steps
    1. Converter ×2
    2. Vehicle PlantVehicle Plantdone 6:44
    3. BlitzBlitz ×2
    4. Converter
    5. BlitzBlitz ×4
    6. Mex
    7. BlitzBlitz
    8. Converter
    9. BlitzBlitz ×4
    10. Converter
    11. BlitzBlitz
    12. Wind
    13. BlitzBlitz ×3
    14. Wind
    15. BlitzBlitz ×3
    16. Wind
    17. BlitzBlitz ×4
    18. Wind
    19. BlitzBlitz ×4
    20. Converter
    21. BlitzBlitz
    22. Wind
    23. BlitzBlitz ×2
    24. Radar TowerRadar Tower
    25. BlitzBlitz ×2
    26. Construction VehicleCon vehicle
    27. Wind
    28. BlitzBlitz
    29. Construction VehicleCon vehicle
    30. BlitzBlitz
    31. Wind
    32. BlitzBlitz ×2
    33. Converter
    34. Wind
    35. BlitzBlitz ×4
    36. Wind
    37. BlitzBlitz ×3
    38. SentrySentry
    39. BlitzBlitz ×2
    40. Wind ×2
    41. BlitzBlitz ×4
    42. Wind
    43. BlitzBlitz ×2
    44. Wind
    45. BlitzBlitz
    46. Wind
    47. BlitzBlitz
    48. Wind
    49. Converter
    50. BlitzBlitz ×2
    51. Wind
    52. BlitzBlitz ×5
    53. Wind
    54. Con turret
    55. Wind
    56. Construction VehicleCon vehicle
    57. BlitzBlitz ×4
    58. Con turret
    59. BlitzBlitz ×2
    60. BeamerBeamer
    61. BlitzBlitz ×4
    62. BeamerBeamer
    63. BlitzBlitz
    64. BeamerBeamer
    65. BlitzBlitz
    66. Con turret
    67. BlitzBlitz
    68. Wind
    69. BlitzBlitz
    70. BeamerBeamer
    71. BlitzBlitz
    72. BeamerBeamer
    73. BlitzBlitz ×2
    74. Construction VehicleCon vehicle
    75. Wind
    76. BlitzBlitz
    77. Bot LabBot Labdone 10:31
    78. BlitzBlitz ×3
    79. Advanced Vehicle PlantAdvanced Vehicle Plantdone 11:07 · typical 8:09
    80. LazarusLazarus
    81. Con turret
    82. BlitzBlitz
    83. Wind
    84. LazarusLazarus
    85. Con turret
    86. SentrySentry
    87. JaguarJaguar
    88. BlitzBlitz
    89. LazarusLazarus
    90. SentrySentry
    91. Wind
    92. JaguarJaguar
    93. LazarusLazarus
    94. Wind
    95. JaguarJaguar
    96. Wind
    97. LazarusLazarus
    98. Wind
    99. JaguarJaguar
    100. SentrySentry
    101. Wind
    102. JaguarJaguar
    103. Converter
    104. JaguarJaguar
    105. Converter
    106. Wind
    107. JaguarJaguar
    108. SentrySentry
    109. TickTick
    110. JaguarJaguar
    111. TickTick
    112. Con turret
    113. Wind
    114. TickTick
    115. JaguarJaguar
    116. TickTick
    117. Wind
    118. JaguarJaguar
    119. TickTick
    120. Wind
    121. TickTick
    122. JaguarJaguar
    123. LazarusLazarus
    124. Wind ×2
    125. ConsulConsul
    126. Wind ×2
    127. LazarusLazarus
    128. ConsulConsul
    129. Wind
    130. LazarusLazarus
    131. Wind
    132. ConsulConsul
    133. Wind
    134. LazarusLazarus
    135. Wind
    136. ConsulConsul
    137. Converter
    138. LazarusLazarus
    139. JaguarJaguar
    140. Wind
    141. TickTick
    142. Wind ×2
    143. JaguarJaguar
    144. TickTick
    145. Wind
    146. TickTick
    147. Wind
    148. JaguarJaguar
    149. TickTick
    150. Converter
    151. Advanced Metal ExtractorT2 mexfor Pond
    152. TickTick
    153. Wind
    154. Advanced Metal ExtractorT2 mex
    155. TickTick
    156. JaguarJaguar
    157. Converter
    158. Wind
    159. TickTick
    160. Fortification WallFortification Wall
    161. Converter
    162. JaguarJaguar
    163. TickTick
    164. Wind
    165. Fortification WallFortification Wall
    166. TickTick
    167. Fortification WallFortification Wall
    168. BeamerBeamer
    169. Wind ×2
    170. TickTick
    171. JaguarJaguar
    172. TickTick
    173. Fortification WallFortification Wall
    174. Wind
    175. TickTick
    176. Wind
    177. JaguarJaguar
    178. TickTick
    179. Wind ×2
    180. Fortification WallFortification Wall ×2
    181. TickTick
    182. JaguarJaguar
    183. Fortification WallFortification Wall
    184. TickTick
    185. Con turret
    186. Wind ×2
    187. Fortification WallFortification Wall ×2
    188. BeamerBeamer
    189. JaguarJaguar
    190. TickTick
    191. Wind
    192. TickTick
    193. Wind
    194. Fortification WallFortification Wall
    195. TickTick
    196. StarlightStarlightdone 14:33 · typical 9:06
    197. Wind
    198. Fortification WallFortification Wall
    199. TickTick
    200. Wind
    201. Fortification WallFortification Wall
    202. BeamerBeamer
    203. Wind
    204. TickTick
    205. Wind ×2
    206. Converter
    207. TickTick
    208. Wind
    209. Fortification WallFortification Wall
    210. TickTick
    211. Fortification WallFortification Wall
    212. Converter ×2
    213. Fortification WallFortification Wall
    214. TickTick
    215. Wind ×2
    216. TickTick
    217. Converter
    218. StarlightStarlight
    219. Wind
    220. TickTick
    221. Wind
    222. TickTick ×2
    223. Wind ×2
    224. TickTick
    225. Wind
    226. TickTick
    227. Wind ×2
    228. TickTick
    229. Fortification WallFortification Wall
    230. Wind ×2
    231. Converter
    232. Fortification WallFortification Wall
    233. Con turret
    234. TickTick
    235. Fortification WallFortification Wall
    236. JaguarJaguar
    237. TickTick

Counts are medians over the build's games: half of them build more, half fewer. The example game is Godmother13's (38 OS, 19/09/2026); pick another.

Team trades

IN AT LEAST 30% OF ITS GAMES

You hand over

  • Lazarus1 Lazarus to Beach seafirst at 2:16 · in 78% of games
  • Construction Bot1 Con bot to Beach seafirst at 2:31 · in 88% of games
  • Advanced Construction Vehicle1 T2 con vehicle to Suicide front or Frontfirst at 8:52 · in 61% of games

You get

  • Hercules1 Light transport from Airfirst at 4:19 · in 35% of games
  • Advanced Construction Bot1 T2 con bot from Techfirst at 4:48 · in 95% of games

How it plays out

Typical game of this build, running totals by minute

Metal produced

020k40k
0:005:0010:0015:00

metal

Enemy metal destroyed

05k10k15k
0:005:0010:0015:00

metal

Own metal lost

02.5k5k7.5k
0:005:0010:0015:00

metal

745 games.

Show as table
ByMetal produced: This buildEnemy metal destroyed: This buildOwn metal lost: This build
1:0033300
2:0082500
3:00152300
4:00270000
5:00372600
6:00572900
7:00813000
8:0011459021
9:001448951130
10:0017405565280
11:00203772074790
12:002330539401940
13:002606259613304
14:002898883214785
15:0031497101726196
WHAT THE NUMBERS SAY

Standard Geo build dominates the resource numbers, with zero own losses through 10:00 and a huge metal lead by 15:00.

  • + Metal produced hits 31426 by 15:00, highest of all six builds
  • + Own metal lost is 0 by 5:00 and only 334 by 10:00
  • − First Starlight only arrives in 57% of games by 9:19
  • − Advanced geothermal lands in just 69% of games by 7:16
THE EXAMPLE YOU ARE READING

Godmother13

37.7 OS · 19/09/2026

Open source match ↗

2 received units · includes a constructor
1304 metal received · 104961 energy received

Allied construction assistance is unknown. Timings are observations, not a promise of solo reproducibility.

Typical milestones

Bot Lab1:12Middle 50%: 0:58–1:22 · n=744
Geothermal Powerplant3:26Middle 50%: 3:10–3:42 · n=743
Advanced Metal Extractor5:34Middle 50%: 5:19–5:56 · n=742
Advanced Geothermal Powerplant7:06Middle 50%: 6:49–7:34 · n=552
Vehicle Plant7:07Middle 50%: 6:43–7:41 · n=705
Advanced Vehicle Plant8:09Middle 50%: 7:41–8:54 · n=669
Starlight9:06Middle 50%: 8:32–9:53 · n=583

Played most by

zeus_on_god76games of this build0neTw074games of this buildViltrum53games of this buildDamsko35games of this buildXad35games of this build